Cogmind - Beta 13 @@@ ROGUE MODE // 2024.04.06 @ 17:55:01 Player: michaelman Result: Destroyed by Y-45 Defender with Heavy Assault Rifle Performance ------------- Evolutions (1) 500 Regions Visited (3) 600 Robots Destroyed (37) 185 Value Destroyed (848) 848 Prototype IDs (0) 0 Alien Tech Used (0) 0 Bonus (0) 0 TOTAL SCORE: 2133 Bonus ------- None Cogmind --------- Core Integrity 0/400 Matter 208/300 Energy 160/160 System Corruption 2% Temperature Cool (9) Movement Treading (480) Ox4 Location -9/Storage Parts ------- > --- POWER (1) -------- Light Nuclear Core > --- PROPULSION (4) --- Light Treads > --- UTILITY (2) ------ Huge Storage Unit Advanced Visual Processing Unit > --- WEAPON (2) ------- Grenade Launcher Mining Claw > --- INVENTORY (25) --- Light Ion Engine Light Nuclear Core High-capacity Storage Unit Advanced Weight Redist. System Improved Targeting Computer Utility Shielding Improved Light Armor Plating Improved Light Armor Plating Small Laser Datajack Peak State ------------ > --- POWER ------------ Light Nuclear Core > --- PROPULSION ------- Light Treads Light Treads > --- UTILITY ---------- High-capacity Storage Unit Improved Targeting Computer > --- WEAPON ----------- Particle Gun Mining Claw > --- INVENTORY -------- Light Ion Engine Light Nuclear Core Advanced Weight Redist. System Advanced Visual Processing Unit Improved Targeting Computer Utility Shielding Improved Light Armor Plating Improved Light Armor Plating Small Laser Grenade Launcher Datajack [Rating: 13] Favorites ----------- Power Ion Engine Engine Ion Engine Power Core Light Nuclear Core Propulsion Aluminum Leg Treads Light Treads Leg Aluminum Leg Utility High-capacity Storage Unit Storage High-capacity Storage Unit Processor Improved Targeting Computer Weapon Mining Claw Energy Gun Small Laser Ballistic Gun Assault Rifle Launcher Grenade Launcher Slashing Weapon Mining Claw Special Melee Weapon Datajack Build | -11 -10 -9 -9 ------- Run | Yrd Mat Mat Sto Slots Evolved 2 | . . 2 . Power . | . . . . Propulsion 2 | . . 2 . Utility . | . . . . Weapon . | . . . . Parts Attached 34 | 6 10 17 1 Power 6 | 1 2 3 . Engine 4 | 1 2 1 . Core 2 | . . 2 . Reactor . | . . . . Propulsion 9 | 2 2 5 . Treads 4 | . 2 2 . Leg 5 | 2 . 3 . Wheel . | . . . . Hover . | . . . . Flight . | . . . . Utility 7 | 1 2 3 1 Device . | . . . . Storage 4 | 1 1 1 1 Processor 3 | . 1 2 . Hackware . | . . . . Protection . | . . . . Artifact . | . . . . Weapon 12 | 2 4 6 . Energy Gun 3 | . 2 1 . Energy Cannon . | . . . . Ballistic Gun 4 | 2 1 1 . Ballistic Cannon . | . . . . Launcher 1 | . . 1 . Special Weapon . | . . . . Impact Weapon . | . . . . Slashing Weapon 3 | . 1 2 . Piercing Weapon . | . . . . Special Melee Weapon 1 | . . 1 . Unidentified Prototypes . | . . . . Parts Lost 8 | . . 7 1 Power 1 | . . 1 . Propulsion 4 | . . 3 1 Utility 1 | . . 1 . Weapon 2 | . . 2 . Highest Loss Streak 3 | . . 3 1 To Critical Strikes . | . . . . Average Slot Usage (%) 80 | . 91 75 76 Engine 7 | . 14 5 . Core 4 | . . 5 11 Treads 9 | . 6 10 21 Leg 14 | . 21 12 . Storage 11 | . 14 11 11 Processor 9 | . 6 11 11 Energy Gun 6 | . 3 9 . Ballistic Gun 6 | . 23 . . Launcher 1 | . . 1 11 Slashing Weapon 6 | . . 9 11 Naked Turns . | . . . . Heaviest Build 90 | 11 29 50 90 Greatest Support 40 | 20 40 40 40 Greatest Overweight (x) 4 | 3 1 4 2 Average Overweight (x) . | . . 1 1 Largest Inventory Capacity 25 | 8 15 20 25 Average Capacity 17 | 7 13 19 22 Most Carried 13 | 6 11 13 10 Average Carried 9 | 3 7 10 9 Final Capacity 25 | 8 15 20 25 Final Carried 11 | 3 11 9 10 Class Distribution -------------------- 80% | Mutant 19% | Scavenger-Mutant Dominant Class ---------------- Mutant | -10/Materials Mutant | -9/Materials Mutant | -9/Storage Resources | -11 -10 -9 -9 ----------- Run | Yrd Mat Mat Sto Matter Collected 766 | 246 188 332 . Remotely . | . . . . Salvage Created 1060 | 70 401 574 15 Parts 85 | 4 31 49 1 Haulers Intercepted . | . . . . Recyclers Shooed 2 | . . 1 1 Parts Field Recycled . | . . . . Retrieved Matter . | . . . . Parts Self-Destructed . | . . . . Prevented . | . . . . Kills | -11 -10 -9 -9 ------- Run | Yrd Mat Mat Sto Combat Hostiles Destroyed 27 | . 11 15 1 Melee 2 | . . 2 . Guns 23 | . 11 12 . AOE 2 | . . 1 1 Classes Destroyed 8 | 2 3 3 . Worker 3 | . . 2 1 Builder 2 | . . 2 . Tunneler 1 | 1 . . . Recycler 2 | 1 . 1 . Watcher 2 | . 1 1 . Swarmer 9 | . 2 7 . Grunt 15 | . 9 6 . Sentry 3 | . . 2 1 Best Kill Streak 4 | 2 4 4 2 Combat Bots Only 4 | . 3 4 1 Max Kills in Single Turn 3 | 1 1 3 1 Gunslinging . | . . . . Exploded 1 | . . 1 1 Melee 1 | . . 1 . Uniques/NPCs Destroyed . | . . . . Combat | -11 -10 -9 -9 -------- Run | Yrd Mat Mat Sto Hostile Shots Fired 188 | . 54 120 14 Missed 43 | . 15 24 4 Damage Taken 1937 | . 487 1263 187 Core 493 | . 82 373 38 Absorbed by Shields . | . . . . Core Remaining (%) 83 | 100 67 . . Volleys Fired 118 | 5 39 68 6 Largest 2 | 2 2 1 1 Hottest 105 | 40 105 65 30 Shots Fired 161 | 10 76 69 6 Gun 152 | 10 76 66 . Cannon . | . . . . Launcher 9 | . . 3 6 Special . | . . . . Kinetic 87 | 10 67 10 . Thermal 65 | . 9 56 . Explosive 9 | . . 3 6 Electromagnetic . | . . . . Robot Hit Streak 11 | 3 8 11 7 Robot Miss Streak 3 | 2 3 3 . Penetration Max . | . . . . Secondary Targets . | . . . . Shots Hit Robots 113 | 5 45 57 6 Core Hits 64 | 3 20 32 9 Critical Kills . | . . . . Critical Parts Destroyed 1 | . . 1 . Critical Strikes 2 | . . 2 . Burn 1 | . . 1 . Destroy 1 | . . 1 . Melee Attacks 8 | . . 8 . Impact . | . . . . Slashing 5 | . . 5 . Piercing . | . . . . Sneak Attacks 3 | . . 3 . Combat Hostiles . | . . . . Follow-up Attacks . | . . . . Damage Inflicted 1630 | 53 454 859 264 Guns 1083 | 53 454 576 . Cannons . | . . . . Explosions 453 | . . 189 264 Melee 94 | . . 94 . Ramming . | . . . . Kinetic 501 | 53 377 71 . Thermal 582 | . 77 505 . Explosive 453 | . . 189 264 Electromagnetic . | . . . . Impact . | . . . . Slashing 94 | . . 94 . Piercing . | . . . . Highest Corruption 2 | . . 2 2 Average Corruption 2 | . . 2 2 Corruption Purged . | . . . . Corruption Blocked . | . . . . Effects 5 | . . 2 3 Message Errors 2 | . . 1 1 Matter Fused 2 | . . . 2 Misfires 1 | . . 1 . Overload Shots . | . . . . Overflow Damage 10 | . . 10 . Projectiles . | . . . . Explosions 10 | . . 10 . Melee . | . . . . Knockbacks . | . . . . Impact . | . . . . Kinetic . | . . . . Secondary . | . . . . Self-Inflicted Damage 117 | . . 80 37 Shots 5 | . . 2 3 Rammed . | . . . . Targets Rammed . | . . . . Kicked . | . . . . Crushed . | . . . . Highest Temperature 454 | . 184 454 3 Average Temperature 120 | . 38 179 3 Received Heat Transfer 804 | . 279 489 36 Effects 7 | . . 7 . Shutdowns 2 | . . 2 . Energy Bleed 3 | . . 3 . Matter Decay 2 | . . 2 . Siege Activations . | . . . . Robots Corrupted . | . . . . Combat Hostiles . | . . . . Parts Fried . | . . . . Impact Corruptions . | . . . . Robots Melted . | . . . . Combat Hostiles . | . . . . Parts Melted 1 | . . 1 . Heat Transferred 1415 | . 186 1229 . Parts Sabotaged . | . . . . Parts Stolen . | . . . . Parts Stripped . | . . . . Power Chain Reactions . | . . . . Alert | -11 -10 -9 -9 ------- Run | Yrd Mat Mat Sto Peak Influence 227 | 10 180 227 97 Initial 72 | . 6 72 32 Average 77 | 2 61 97 35 Maximum Alert Level 1 | . . 1 . Low Security (%) 93 | 100 100 88 100 Level 1 6 | . . 11 . Level 2 . | . . . . Level 3 . | . . . . Level 4 . | . . . . Level 5 . | . . . . High Security . | . . . . Max Security . | . . . . Squads Dispatched 4 | . 4 . . Investigation 2 | . 2 . . Extermination . | . . . . Reinforcement 2 | . 2 . . Assault . | . . . . Garrison . | . . . . Intercept . | . . . . Searches Triggered . | . . . . Construction Impeded . | . . . . Haulers Reinforced . | . . . . Active Scanning Responses . | . . . . Cargo Convoy Interrupts . | . . . . Stealth | -11 -10 -9 -9 --------- Run | Yrd Mat Mat Sto Distress Signals 2 | . 1 1 . Communications Jammed . | . . . . Distress Signals . | . . . . Times Spotted 44 | . 20 22 2 Peak Tracking Total 4 | . 4 4 2 Tactical Retreats 5 | . 1 4 . Traps | -11 -10 -9 -9 ------- Run | Yrd Mat Mat Sto Traps Triggered 2 | . 1 1 . Indirectly . | . . . . Trap Hack Attempts . | . . . . Triggered . | . . . . Disarmed . | . . . . Reprogrammed . | . . . . Reused . | . . . . Traps Extracted . | . . . . Installed . | . . . . Triggered . | . . . . Machines | -11 -10 -9 -9 ---------- Run | Yrd Mat Mat Sto Machines Disabled 1 | . . . 1 Max in Single Turn 1 | . . . 1 Machines Repaired . | . . . . Machines Dismantled . | . . . . Machines Sabotaged . | . . . . Overloaded Fab Kills . | . . . . Hacking | -11 -10 -9 -9 --------- Run | Yrd Mat Mat Sto Machines Accessed 4 | . 2 2 . Terminals 3 | . 1 2 . Fabricators . | . . . . Repair Stations 1 | . 1 . . Recycling Units . | . . . . Scanalyzers . | . . . . Garrison Access . | . . . . Total Hacks 10 | . 7 3 . Successful 3 | . 3 . . Failed 7 | . 4 3 . Catastrophic 1 | . . 1 . Database Lockouts . | . . . . Manual . | . . . . Terminals 5 | . 2 3 . Fabricators . | . . . . Repair Stations 5 | . 5 . . Recycling Units . | . . . . Scanalyzers . | . . . . Garrison Access . | . . . . Terminal Hacks 1 | . 1 . . Unreport Threat 1 | . 1 . . Fabricator Hacks . | . . . . Repair Station Hacks 2 | . 2 . . Scan Component 1 | . 1 . . Repair 1 | . 1 . . Recycling Unit Hacks . | . . . . Scanalyzer . | . . . . Garrison Access Hacks . | . . . . Unauthorized Hacks . | . . . . Terminals . | . . . . Fabricators . | . . . . Repair Stations . | . . . . Recycling Units . | . . . . Scanalyzers . | . . . . Garrison Access . | . . . . Data Cores Recovered . | . . . . Used . | . . . . Hacking Detections 4 | . 2 2 . Full Trace Events 1 | . 1 . . Feedback Events . | . . . . Feedback Blocked . | . . . . Robot Schematics Acquired . | . . . . Robots Built . | . . . . Authchips . | . . . . Time . | . . . . Total Robot Build Rating . | . . . . Part Schematics Acquired . | . . . . Parts Built . | . . . . Authchips . | . . . . Time . | . . . . Total Part Build Rating . | . . . . Parts Repaired . | . . . . Time 32 | . 32 . . Parts Recycled . | . . . . Recycled Matter . | . . . . Retrieved Matter . | . . . . Retrieved Components . | . . . . Parts Scanalyzed . | . . . . Part Schematics Acquired . | . . . . Parts Damaged . | . . . . Bothacking | -11 -10 -9 -9 ------------ Run | Yrd Mat Mat Sto Used RIF Installer . | . . . . Robots Hacked 1 | . . 1 . Non-combat 1 | . . 1 . Combat . | . . . . Robot Hacks Applied 3 | . . 3 . parse_system 1 | . . 1 . no_distress 1 | . . 1 . find_recycling 1 | . . 1 . Relay Couplers Released . | . . . . Fabnet Peak Effective % . | . . . . Robots Rewired . | . . . . Allies Hacked . | . . . . Hacks Repelled . | . . . . Allies | -11 -10 -9 -9 -------- Run | Yrd Mat Mat Sto Total Allies . | . . . . Largest Group . | . . . . Highest-Rated Group . | . . . . Highest-Rated Ally . | . . . . Total Orders . | . . . . Ally Attacks . | . . . . Total Damage . | . . . . Kills . | . . . . Allies Corrupted . | . . . . Allies Melted . | . . . . Intel | -11 -10 -9 -9 ------- Run | Yrd Mat Mat Sto Robot Analysis Total . | . . . . Derelict Logs Recovered . | . . . . Drone Launches . | . . . . Drone Recoveries . | . . . . Exploration | -11 -10 -9 -9 ------------- Run | Yrd Mat Mat Sto Turns Passed 2267 | 177 573 1375 142 Spaces Moved 959 | 126 264 522 47 Core 37 | 37 . . . Treads 331 | . 51 233 47 Legs 591 | 89 213 289 . Wheels . | . . . . Hover . | . . . . Flight . | . . . . Fastest Speed 50 | 50 120 120 240 Average Speed 198 | 117 165 227 268 Slowest Speed 400 | 200 190 400 320 Overloaded Moves . | . . . . Propulsion Burnouts . | . . . . Robots Hopped . | . . . . Cave-ins Triggered . | . . . . Exploration Rate (%) 23 | 6 29 47 11 Regions Visited 3 Branch Regions 1 Pre-discovered Areas . | . . . . Known Exits Taken 1 | . 1 . . Unknown Exits Taken 2 | 1 . 1 . Scrap Searched . | . . . . Spaces Dug . | . . . . Terrain Destroyed 32 | . . 23 9 Melee . | . . . . Projectile . | . . . . AOE 32 | . . 23 9 Terrain Rammed . | . . . . Walls Destroyed . | . . . . Machines Disabled . | . . . . Actions | -11 -10 -9 -9 --------- Run | Yrd Mat Mat Sto Total 1161 | 145 327 632 57 Wait . | . . . . Move 956 | 125 263 521 47 Hop . | . . . . Pick Up 35 | 9 12 12 2 Fast Attach . | . . . . Attach 16 | 6 1 9 . Detach 1 | . . 1 . Swap 18 | . 9 8 1 Drop 9 | . 3 5 1 Fire 118 | 5 39 68 6 Melee 8 | . . 8 . Ram . | . . . . Kick . | . . . . Crush . | . . . . Escape Stasis . | . . . . Rewire . | . . . . Trap . | . . . . Miscellaneous . | . . . . Route ------- -11/Scrapyard -10/Materials -9/Materials (discovered 2 exits: [*Mat] / [*Sto]) -9/Storage History --------- Turn | Location | Event 5 | -11/Scrapyard | Discovered new exit (range 15) 178 | -11/Scrapyard | Entered Materials 326 | -10/Materials | Build established: Mutant 691 | -10/Materials | Discovered new exit (range 16) 713 | -10/Materials | Identified exit to Materials 751 | -10/Materials | Entered another Materials area 751 | -9/Materials | Evolved 2 slots: Propulsion x2 1053 | -9/Materials | Build established: Scavenger-Mutant 1177 | -9/Materials | Discovered new exit (range 8) 1478 | -9/Materials | Core integrity fell below 50% 1492 | -9/Materials | Build established: Mutant 1520 | -9/Materials | Lost 3 parts (1p1n1w) 1923 | -9/Materials | Core integrity fell below 20% 2114 | -9/Materials | Discovered new exit (range 6) 2126 | -9/Materials | Entered Storage 2268 | -9/Storage | Destroyed by Y-45 Defender with Heavy Assault Rifle Last Messages --------------- Launcher] 02095_ U-05 Engineer destroyed. 02095_ K-01 Serf destroyed. 02114_ &L|/LLO7T59E|YQAE7%, YQLZMSGL0SL,O3NQ 02114_ EXIT=FOUND LOCATION=UNKNOWN GOAL=ESCAPE 02149_ V<7A%KTJHGUL,TV1|ISO/H%M4E%/QJ04 02171_ System corrupted: Matter fused (-7). 02172_ Acquired Aluminum Leg. 02173_ Dropped Aluminum Leg. 02175_ K-01 Serf collects debris. 02188_ Acquired Huge Storage Unit. 02188_ K-01 Serf collects debris. 02198_ System corrupted: Matter fused (-5). 02198_ K-01 Serf collects debris. 02257_ Transport Mainframe disabled. 02259_ Lgt. Treads destroyed. 02261_ K-01 Serf destroyed. 02265_ Y-45 Defender destroyed. Map ----- +----------------------------------------------------+ | | | | | | | | | | | | | | | | | | | | | | | | | | | | | | | | | | | ?????????????????????????##########??????????????? | | ?????????????????????????!! #??????????????? | | ????????#######?????????#!! ""#??????????????? | | ######### ########### Y"#??????????????? | | # ""#??????????????? | | + #??????????????? | | # #??????????????? | | ######### ########### Y ##?????????????? | | ????#######+#######?????#@ % #?????????????? | | ????# #?????##T = ###?????????????? | | ????# ######## #???????????????? | | ????# [ + r ????????????? | | ????# ! = ######## ## ### ##???????????? | | ????# ! #??????????####????????????????? | | ????# ! #??????????????????????????????? | | ????###############??????????????????????????????? | | ?????????????????????????????????????????????????? | | ?????????????????????????????????????????????????? | | ?????????????????????????????????????????????????? | | ?????????????????????????????????????????????????? | | ?????????????????????????????????????????????????? | | ?????????????????????????????????????????????????? | | ?????????????????????????????????????????????????? | | ?????????????????????????????????????????????????? | | ?????????????????????????????????????????????????? | | ?????????????????????????????????????????????????? | | ?????????????????????????????????????????????????? | | ?????????????????????????????????????????????????? | | ?????????????????????????????????????????????????? | | ?????????????????????????????????????????????????? | | ?????????????????????????????????????????????????? | | ?????????????????????????????????????????????????? | | ?????????????????????????????????????????????????? | +----------------------------------------------------+ Best States ------------- Heat Dissipation 28 Energy Generation 14 Energy Capacity 250 Matter Stores 300 Matter Capacity 300 Sight Range 20 Terrain Scan Density 10 Evasion (%) 55 Targeting Accuracy 6 Recoil Reduction 2 Item Schematics ----------------- None Robot Schematics ------------------ None Fabricated ------------ Nothing Alien Tech Used ----------------- None Achievements -------------- Maybe Next Time I'll Detach My Launcher Challenges ------------ None Game ------ Seed RefineryThrusterFilter Manual? 0 Play Time 00:25:05 Cumulative 2.9 hours Start 2024.04.06 @ 17:29:27 End 2024.04.06 @ 17:55:01 Sessions 1 Manual Loads 0 Difficulty Rogue Special Mode None Game No. 4 Rogue 4 Adventurer 0 Explorer 0 Win Type - Total 0 Types 0/0/0/0/0/0/0/0/0 Lore% 2 Gallery% 6 Achievement% 9 Wizard Run 0 Options --------- Layout 1 ASCII 0 Keyboard 0 Movement Mouse Keybinds 0 Fullscreen 1 Font 24/Swanston Map View 50x35 Zoom Use 0% Tactical HUD 1 Map Filters NONE Filters NONE Steam 1 RUN: 041392fd-6df0-4c70-803f-216dea789e1d